 Dungeon Crawl Stone Soup version 0.29.0-13-gc9e81de378 (webtiles) character file.

Game seed: 12935876308515362232

53 lmSkywalker the Caller (level 3, 0/19 HPs)
             Began as a Tengu Summoner on Sept 9, 2022.
             Was a Follower of Fedhas.
             Slain by Grinder (7 damage)
             ... on level 3 of the Dungeon on Sept 10, 2022.
             The game lasted 00:09:48 (2308 turns).

lmSkywalker the Caller (Tengu Summoner)             Turns: 2308, Time: 00:09:49

Health: 0/19       AC:  2    Str:  8    XL:     3   Next: 89%
Magic:  5/8        EV: 12    Int: 15    God:    Fedhas [*.....]
Gold:   52         SH:  0    Dex: 16    Spells: 2/8 levels left

rFire   . . .      SeeInvis .   l - +0 quarterstaff
rCold   . . .      Faith    .   (shield currently unavailable)
rNeg    . . .      Spirit   .   a - +0 robe
rPois   .          Reflect  .   (helmet restricted)
rElec   .          Harm     .   (no cloak)
rCorr   .          Rampage  .   (no gloves)
Will    .....                   (boots unavailable)
Stlth   ++........              (no amulet)
HPRegen 0.06/turn               (no ring)
MPRegen 0.11/turn               (no ring)

@: no status effects
A: beak, talons 3
a: Renounce Religion


You were on level 3 of the Dungeon.
You worshipped Fedhas.
Fedhas was aware of your devotion.
You visited 1 branch of the dungeon, and saw 3 of its levels.

You collected 100 gold pieces.
You spent 48 gold pieces at shops.

Inventory:

Hand Weapons
 g - a +0 club
 k - a +0 dagger
 l - a +0 quarterstaff (weapon)
 p - a +0 sling
Missiles
 h - 28 stones
 r - 2 boomerangs
Armour
 a - a +0 robe (worn)
 i - a +0 leather armour
 s - a +0 buckler
Scrolls
 d - 2 scrolls of blinking
 e - a scroll of amnesia {unknown}
 f - 2 scrolls of teleportation
 j - a scroll of vulnerability {unknown}
 m - 3 scrolls of fear
 n - 2 scrolls of identify {unknown}
 t - a scroll of enchant armour {unknown}
Potions
 b - a potion of magic
 c - 3 potions of curing {unknown}
 o - a potion of haste {unknown}
 q - a potion of heal wounds {unknown}


   Skills:
 - Level 2.1 Dodging
 - Level 2.0 Stealth
 + Level 3.0 Spellcasting
 + Level 5.7 Summonings


You had 2 spell levels left.
You knew the following spells:

 Your Spells              Type           Power      Damage    Failure   Level
a - Summon Small Mammal   Summ           76%        N/A       1%          1
b - Call Imp              Summ           19%        N/A       2%          2
c - Call Canine Familiar  Summ           19%        N/A       5%          3

Your spell library contained the following spells:

 Spells                   Type           Power      Damage    Failure   Level
 Summon Guardian Golem    Hex/Summ       10%        N/A       19%         3
 Summon Lightning Spire   Summ/Air       10%        N/A       52%         4


Dungeon Overview and Level Annotations

Branches:
Dungeon (3/15)

Altars:
Fedhas

Shops:
D:2 ![??[

Annotations:
D:2 exclusion: 2 gnolls
D:3 Grinder


Innate Abilities, Weirdness & Mutations

You have a beak for a mouth.
You have claws for feet.


Message History

You swap places.
The goblin misses you.
You barely miss the goblin. Your kick misses the goblin.
The goblin hits you with a +0 club.
You closely miss the goblin. You claw the goblin, but do no damage.
The goblin completely misses you. The goblin closely misses you.
You barely miss the goblin. You claw the goblin.
You kill the goblin!
Fedhas appreciates your contribution to the ecosystem.
Things that are here:
a +0 club; a goblin corpse
There is an entrance to Kaaposa's Magic Scroll Emporium here.
Your crimson imp disappears in a puff of smoke!
Magic restored.
There is an entrance to Kaaposa's Magic Scroll Emporium here.
Things that are here:
a +0 club; a goblin corpse
h - 28 stones (gained 2)
You see here a +0 club.
Things that are here:
a +0 club; a goblin corpse
There is a stone staircase leading down here.
A bat comes into view.
Found 16 gold pieces.
There is a stone staircase leading down here.
You climb downwards.
There is a stone staircase leading up here.
The helpless Grinder fails to defend herself.
You hit Grinder. Your kick misses Grinder. Your peck misses Grinder.
Grinder is lightly wounded.
Grinder hits you but does no damage.
Casting: Summon Small Mammal (safe; 1% risk of failure)
Confirm with . or Enter, or press ? or * to list all spells.
A metallic apparition takes form in the air.
Grinder hits you.
You writhe in agony.
Casting: Call Imp (safe; 2% risk of failure)
Confirm with . or Enter, or press ? or * to list all spells.
Grinder hits you.
You writhe in agony.
Grinder attacks as you move away! Grinder hits you!
You die...
Fedhas appreciates your contribution to the ecosystem.

########.#
#.@5b....#
#.########
..5 #...
####


You could see Grinder (ally target), a friendly iron imp (summoned) and a
friendly bat (summoned).

Vanquished Creatures
  An adder (D:2)
  A worm (D:2)
  A dart slug (D:2)
  4 ball pythons
  4 goblins
  A hobgoblin (D:2)
  A jackal (D:2)
  2 quokkas
  A bat (D:2)
  A kobold (D:2)
  2 rats (D:2)
19 creatures vanquished.

Vanquished Creatures (collateral kills)
  An adder (D:2)
  A worm (D:2)
  An endoplasm (D:2)
  3 goblins
  A ball python (D:2)
  A rat (D:2)
8 creatures vanquished.

Grand Total: 27 creatures vanquished

Notes
Turn   | Place    | Note
-------+----------+-------------------------------------------
     0 | D:1      | lmSkywalker the Tengu Summoner began the quest for the Orb.
     0 | D:1      | Reached XP level 1. HP: 10/10 MP: 4/4
   287 | D:1      | Reached skill level 5 in Summonings
   382 | D:1      | Found a faded altar of an unknown god.
   390 | D:1      | Prayed at the altar of an unknown god.
   390 | D:1      | Became a worshipper of Fedhas Madash
   390 | D:1      | Reached * piety under Fedhas
   569 | D:1      | Reached XP level 2. HP: 10/15 MP: 3/6
   996 | D:2      | Found Imaigel's Distillery.
  1164 | D:2      | Found Foudehe's Antique Armour Emporium.
  1164 | D:2      | Found Kaaposa's Magic Scroll Emporium.
  1189 | D:2      | Bought a scroll of fear for 48 gold pieces
  1211 | D:2      | Learned a level 2 spell: Call Imp
  1285 | D:2      | Reached XP level 3. HP: 19/19 MP: 4/8
  1582 | D:2      | Learned a level 3 spell: Call Canine Familiar
  1834 | D:2      | Found Jebaecw's Magic Scroll Boutique.
  1893 | D:2      | Found Bufiat's Armour Shop.
  2304 | D:3      | Noticed Grinder
  2308 | D:3      | Slain by Grinder

Illustrated notes

Levels and vault maps discovered:
D:1:      tarquinn_simple_flora_water_d, layout_loops_ring,
          hellmonk_ecumenical_altar_run_dry, nrook_mini_vaults
D:2:      minmay_wonky_spiral, layout_basic, serial_shops,
          nicolae_shop_window_shopping, nicolae_shop_trees, shop,
          nicolae_square_shop, shop_statue, interstate_on_off,
          minmay_octomino_e4
D:3:      minmay_angry_zag, layout_rooms, worldfamousw_hep_ancestral_shrine,
          mainiacjoe_overflow_divided_tiny, dk_noncrumbling_3, uniq_sigmund,
          uniq_natasha, uniq_terence, uniq_grinder

Skill      XL: |  1  2  3 |
---------------+----------+-----
Summonings     | 5 |  5.7
Spellcasting   | 3 |  3.0
Dodging        | |  2.1
Stealth        | |  2.0

Action                   || total
-------------------------++-------
Melee: Unarmed           ||     7
       Club              ||     4
       Kick              ||     9
       Quarterstaff      ||    21
       Dagger            ||     2
 Cast: Summon Small Mamm ||    29
       Call Imp          ||     8
  Use: Scroll            ||     2
 Stab: Sleeping          ||     5
       Distracted        ||     1
Armor: Robe              ||     7
Dodge: Dodged            ||    28
